Unix NetHack Version 5.0.0-0 post-release - last build Jun 10 2026 00:39:30 (3ee93aec679c4c4259841fe613dc97188e26a321,branch:main).

Game began 2026-06-12 20:17:57, ended 2026-06-12 21:25:46.

Ch3Begorrah, chaotic male human Rogue

             --------
             |....[.-#     -----                                  ------------
             |......|#     |...|                                  |..........|
             |...<..|###   |....##                      ##########..``.......|
             --.-----# ####....| #            #        #####      |..........|
               #     #     -|---###           #---------.--#      --.---------
               #     # ###########            #...........|#        #
              ##     # ####      #            #|..........-#        #
            ###      # #         #            #|..--..--..|#
   ---------|-----   # #         #            #|..--..--..|##
   |.............|   f-.-------  #            #|..........|##
   |.............|   C|....`..|  #           ##|..........| #      #####
   |.............|   @+.......|  #####       ##|..--..--..| ##  -+-----.----
   |..............### |.......|      #-----  ##|..--..--..|  #  |..........|
   |...>.........|    |......n|      #.....### |..........|  #  |..........|
   ---------------    ---------       |...|  # |..........|  ###|..........|
                                      |...-    ------------    #...........|
                                      ---.-                     ------------

Ch3Begorrah the Rogue   St:12 Dx:18 Co:17 In:12 Wi:9 Ch:10  Chaotic
Dlvl:11 $:22 HP:0(60) Pw:29(29) AC:-1 Xp:8 T:6868 

Latest messages:
 The plains centaur's medallion begins to glow!
 The plains centaur looks much better!
 The medallion crumbles to dust!
 The plains centaur misses!
 The plains centaur kicks!
 The plains centaur hits!
 The plains centaur kicks!
 You swap places with your kitten.
 g - 8 daggers (at the ready).
 You are now most skilled in dagger.
 You swap places with your kitten.
 Something is written here in the dust.
 You read: "L|c?e r".
 What do you want to zap? [djkuEIN or ?*] N
 A lit field surrounds you!
 The plains centaur hits!
 The plains centaur kicks!
 What do you want to write with? [- dgj-lnruyzEILNOSVWYZ or ?*] -
 You write in the dust with your fingertip.
 What do you want to write in the dust here? Elbereth
 The plains centaur turns to flee.
 The plains centaur misses!
 The plains centaur misses!
 The plains centaur hits!
 The plains centaur kicks!
 What do you want to read? [*] ?
 What do you want to read? [*] z
 That is a silly thing to read.
 What do you want to write with? [- dgj-lnruyzEILNOSVWYZ or ?*] -
 You write in the dust with your fingertip.
 What do you want to write in the dust here? ELbereth
 The plains centaur misses!
 The plains centaur kicks!
 What do you want to write with? [- dgj-lnruyzEILNOSVWYZ or ?*] -
 Do you want to add to the current engraving? [ynq] (y) n
 You wipe out the message that was written in the dust here.
 You write in the dust with your fingertip.
 What do you want to write in the dust here? Elbereth
 The owlbear turns to flee.
 The plains centaur misses!
 The plains centaur misses!
 In what direction? l
 The door closes.
 The plains centaur misses!
 The plains centaur kicks!
 What do you want to zap? [djkuEIN or ?*] j
 Nothing happens.
 The plains centaur hits!
 You die...
 Do you want your possessions identified? [ynq] (y) q

Inventory:
 Coins    ('$')
  $ - 22 gold pieces
 Weapons  (')')
  S - 2 +1 daggers (wielded)
  g - 8 +0 daggers (at the ready)
 Armor    ('[')
  h - an uncursed +3 orcish helm (being worn)
  T - an uncursed +0 pair of iron shoes (being worn)
  R - an uncursed +0 dwarvish cloak (being worn)
  C - an uncursed +0 elven mithril-coat (being worn)
 Comestibles  ('%')
  U - an uncursed slime mold
  K - an uncursed apple
  B - an uncursed carrot
  o - 2 uncursed lizard corpses
 Rings    ('=')
  y - a cursed ring of regeneration
 Wands    ('/')
  E - a wand of create monster (0:12)
  j - a wand of digging (0:0)
  I - a wand of light (0:12)
  N - a cursed wand of light (0:7)
  u - a wand of polymorph (0:6)
  d - a blessed wand of striking named empty (0:0)
  k - a wand of striking named empty (0:0)
 Tools    ('(')
  P - an uncursed bag of holding containing 31 items
  f - an uncursed sack containing 2 items
  c - a frost horn (0:5)
  p - a cursed leash
  e - an uncursed lock pick
  Q - an uncursed lock pick
  A - a cursed oil lamp
  G - an uncursed pair of lenses
  X - 2 uncursed tallow candles
  v - an uncursed wax candle
 Gems/Stones  ('*')
  W - an uncursed amethyst stone
  z - an uncursed aquamarine stone
  O - an uncursed garnet stone
  Z - 2 uncursed worthless pieces of black glass
  n - a cursed worthless piece of black glass
  L - an uncursed worthless piece of green glass
  V - 5 uncursed worthless pieces of red glass
  Y - a cursed worthless piece of red glass
  l - a cursed worthless piece of white glass
  r - an uncursed worthless piece of yellow glass

Contents of the sack:
  an uncursed potion of water
  an uncursed potion of sickness

Contents of the bag of holding:
  593 gold pieces
  a cursed amulet of change named cursed
  7 blessed +2 silver arrows
  4 +0 daggers
  a cursed -1 dagger
  a +2 dagger
  an uncursed candy bar labeled "Choco Nummer"
  an uncursed food ration
  an uncursed sprig of wolfsbane
  an uncursed tripe ration
  an uncursed egg
  a cursed egg
  2 uncursed scrolls of destroy armor
  a blessed scroll of confuse monster named ok
  2 uncursed scrolls of confuse monster
  an uncursed scroll of stinking cloud
  a blessed scroll of identify
  2 uncursed scrolls of identify named ok
  an uncursed scroll of genocide
  an uncursed scroll of magic mapping named ok
  an uncursed scroll of blank paper
  an uncursed scroll of earth
  a cursed scroll of earth
  an uncursed scroll of create monster named ok
  an uncursed scroll of teleportation named ok
  an uncursed spellbook of charm monster
  an uncursed spellbook of detect unseen
  an uncursed potion of booze
  a blessed potion of object detection
  2 uncursed potions of object detection
  a cursed ring of hunger named cursd

Ch3Begorrah the Rogue's attributes:

Background:
 You were a Rogue, level 8 male human.
 You were chaotic, nominally on a mission for Kos
 who was opposed by Issek (lawful) and Mog (neutral).
 You were right-handed.
 You were in the Dungeons of Doom, on level 11.
 You entered the dungeon 6868 turns ago.
 You had 1687 experience points, 873 more were needed to attain level 9.

Basics:
 You had 0 out of 60 hit points.
 You had all 29 energy points (spell power).
 Your armor class was -1.
 Your wallet contained 22 zorkmids, and
 you had 593 more stashed away in your pack.
 Autopickup was on for '$!/(' plus thrown, with exceptions.

Final Characteristics:
 Your strength was 12 (peak:13, limit:18/100).
 Your dexterity was 18 (limit:18).
 Your constitution was 17 (limit:18).
 Your intelligence was 12 (limit:18).
 Your wisdom was 9 (limit:18).
 Your charisma was 10 (limit:18).

Final Status:
 You weren't hungry.
 You were unencumbered.
 You were wielding daggers.
 You had expert skill with dagger.

Final Attributes:
 You were piously aligned.
 Your items were somewhat protected from fire.
 Your items were somewhat protected from cold.
 You were sleep resistant.
 You were stealthy.
 You were guarded.
 You are dead.

Miscellaneous:
 You didn't encounter any bones levels.
 Total elapsed playing time was 1 hour, 7 minutes and 49 seconds.

Major events:
 Turn
    1: Ch3Begorrah the chaotic male human Rogue entered the dungeon
 1123: entered the Gnomish Mines
 1447: attained the rank of Cutpurse (level 3)
 2654: attained the rank of Rogue (level 6)
 2807: reached Mine Town
 4778: entered Sokoban
 6868: killed by a plains centaur

You didn't know any spells.

Skills:
 Fighting Skills
   bare handed combat [Unskilled]
   two weapon combat  [Unskilled]
   riding             [Unskilled]
 Weapon Skills
   dagger             [Expert]
   knife              [Unskilled]
   short sword        [Basic]
   broadsword         [Unskilled]
   long sword         [Unskilled]
   two-handed sword   [Unskilled]
   saber              [Unskilled]
   club               [Unskilled]
   mace               [Unskilled]
   morning star       [Unskilled]
   flail              [Unskilled]
   hammer             [Unskilled]
   polearms           [Unskilled]
   spear              [Unskilled]
   crossbow           [Unskilled]
   dart               [Unskilled]
   shuriken           [Unskilled]
 Spellcasting Skills
   divination spells  [Unskilled]
   escape spells      [Unskilled]
   matter spells      [Unskilled]

Voluntary challenges:
 Character rerolling was not enabled.
 You followed a strict vegan diet.
 You were an atheist.
 You never genocided any monsters.
 You never polymorphed an object.
 You never changed form.
 You used no wishes.
 You did not violate any of the special Sokoban rules.
Achievements:
 You entered the Gnomish Mines.
 You attained the rank of Cutpurse.
 You attained the rank of Rogue.
 You entered Minetown.
 You entered Sokoban.
 You entered a temple.

 The Dungeons of Doom: levels 1 to 12
    Level 1:
    Level 2:
       Some fountains.
    Level 3:
       A fountain, a sink.
       Stairs down to The Gnomish Mines.
    Level 4:
       Some fountains.
    Level 5:
       A fountain.
    Level 6:
    Level 7:
       Many fountains.
       Oracle of Delphi.
    Level 8:
       Stairs up to Sokoban, level 7.
    Level 9:
       A temple and some altars to Kos, some sinks.
    Level 10:
    Level 11: <- You were here.
       Final resting place for
          you, killed by a plains centaur.
    Level 12:
 The Gnomish Mines: levels 4 to 8
    Level 4:
    Level 5:
    Level 6:
       A fountain.
    Level 7:
    Level 8:
 Sokoban:
    Level 7:
       Unsolved.


Vanquished creatures:
  2 gelatinous cubes
  a pyrolisk
  a chameleon
  a lynx
  4 orc-captains
  a giant spider
  2 lizards
  a dingo
  a housecat
  a dust vortex
  a plains centaur
  a gnome mummy
  a water moccasin
  a rope golem
  a fire ant
  a bugbear
  a water nymph
  2 mountain nymphs
  a Mordor orc
  2 orc shamans
  a rock piercer
  2 ponies
  2 fog clouds
  a shrieker
  a violet fungus
  5 gnome leaders
  a red naga hatchling
  a gray ooze
  a straw golem
  3 giant ants
  2 floating eyes
  9 dwarves
  a kobold shaman
  7 hill orcs
  a rothe
  a rabid rat
  a giant bat
  a monkey
  a wererat
  2 iguanas
 an acid blob
  a coyote
  a hobbit
  4 manes
  2 large kobolds
  3 hobgoblins
  a giant rat
 25 gnomes
  4 garter snakes
  2 gnome zombies
  3 geckos
  4 jackals
  a fox
  2 kobolds
  6 goblins
  a sewer rat
  5 grid bugs
  2 lichens
  a kobold zombie
 11 newts
151 creatures vanquished.

No species were genocided or became extinct.

Game over:
                       ----------
                      /          \
                     /    REST    \
                    /      IN      \
                   /     PEACE      \
                  /                  \
                  |   Ch3Begorrah    |
                  |      615 Au      |
                  |   killed by a    |
                  |  plains centaur  |
                  |                  |
                  |                  |
                  |       2026       |
                 *|     *  *  *      | *
        _________)/\\_//(\/(/\)/\//\/|_)_______

Goodbye Ch3Begorrah the Rogue...

You died in The Dungeons of Doom on dungeon level 11 with 7932 points,
and 615 pieces of gold, after 6868 moves.
You were level 8 with a maximum of 60 hit points when you died.

